 Dungeon Crawl Stone Soup version 0.20.1-1-g8b1a95d (webtiles) character file.

1449 Chisa the Cudgeler (level 8, -8/52 HPs)
             Began as a Gargoyle Fighter on Sept 8, 2017.
             Killed from afar by Pikel (13 damage)
             ... with a wand of acid (?/15)
             ... on level 5 of the Dungeon.
             The game lasted 00:11:29 (4367 turns).

Chisa the Cudgeler (Gargoyle Fighter)               Turns: 4367, Time: 00:11:30

Health: -8/52      AC: 13    Str: 21    XL:     8   Next: 75%
Magic:  8/8        EV:  5    Int:  9    God:
Gold:   235        SH: 11    Dex: 10    Spells: 7/7 levels left

rFire    . . .     SeeInvis .   a - +1 flail
rCold    . . .     Gourm    .   y - +2 shield
rNeg     + . .     Faith    .   m - +0 chain mail
rPois    ∞         Spirit   .   (no helmet)
rElec    +         Reflect  .   (no cloak)
rCorr    .         Harm     .   (no gloves)
MR       .....                  u - +1 pair of boots
Stlth    ..........             (no amulet)
Regen    0.2/turn               (no ring)
MPRegen  0.2/turn               (no ring)

@: corroded
A: negative energy resistance 1, electricity resistance, unbreathing,
petrification resistance, rot immunity, AC +5
a: no special abilities


You were on level 5 of the Dungeon.
You were not hungry.

You visited 1 branch of the dungeon, and saw 4 of its levels.

You collected 235 gold pieces.

Inventory:

Hand Weapons
 a - a +1 flail (weapon)
Armour
 m - a +0 chain mail (worn)
 u - a +1 pair of boots (worn)
 y - a +2 shield (worn)
Wands
 b - a wand of lightning (11/15)
Scrolls
 e - a scroll of magic mapping {unknown}
 i - 3 scrolls of enchant weapon
 j - a scroll of random uselessness {unknown}
 k - a scroll of teleportation
 r - 6 scrolls of identify
 t - 2 scrolls of remove curse
 v - a scroll of enchant armour {unknown}
 w - a scroll of amnesia
Potions
 c - a potion of invisibility {unknown}
 l - a potion of brilliance {unknown}
 o - 2 potions of flight {unknown}
 q - 2 potions of heal wounds {unknown}
 s - a potion of haste {unknown}
 z - a potion of lignification {unknown}
Books
 x - a book of Minor Magic

   Spells                             Type                      Level
   a - Magic Dart                     Conjuration                  1
   b - Blink                          Translocation                2
   c - Call Imp                       Summoning                    2
   d - Slow                           Hexes                        2
   e - Conjure Flame                  Conjuration/Fire             3
   f - Mephitic Cloud                 Conjuration/Poison/Air       3
Comestibles
 d - 23 chunks of flesh
 f - 4 bread rations
 g - 2 meat rations
 h - a royal jelly


   Skills:
 + Level 6.5 Fighting
 * Level 7.8 Maces & Flails
 + Level 6.6 Armour
 - Level 3.2 Shields


You had 7 spell levels left.
You didn't know any spells.

Dungeon Overview and Level Annotations

Branches:
Dungeon (5/15)
 Temple: D:4-7

Altars:
Ashenzari
Dithmenos
Elyvilon
Kikubaaqudgha
Xom
Yredelemnul

Annotations:
D:5 Blork the orc, Pikel


Innate Abilities, Weirdness & Mutations

You are resistant to torment.
Your stone body is resilient. (AC +5)
You are immune to poison.
You resist negative energy. (rN+)
You are resistant to electric shocks. (rElec)
You can survive without breathing.
You are immune to petrification.
You are immune to rotting.


Message History

You hit the slave but do no damage.
The slave is severely wounded.
You miss Pikel.
Pikel zaps a wand.
The bolt of acid hits you! The acid corrodes you!
You are splashed with acid!
The acid burns!
It is a wand of acid (?/15).
You hit Pikel.
Pikel is lightly wounded.
Pikel hits you but does no damage.
You hit Pikel but do no damage.
Pikel is lightly wounded.
Pikel hits you but does no damage.
You sock Pikel!
Pikel is moderately wounded.
Pikel zaps a wand.
The bolt of acid hits you! The acid corrodes you!
You are splashed with acid!
The acid burns!
* * * LOW HITPOINT WARNING * * *
Pikel hits you but does no damage.
Pikel says, "You'll fetch a fair price!"
Pikel zaps a wand.
The bolt of acid hits you!
You die...

####.#.......
#).....#..
##...##....
##..######..
#..####.....
##(##....##..
####)(##.#####..
..#### ###.([)##..#
###
......##@..)....>##
#...##########
###K## #pl.# #p###
######### ..p
.......). ...##
.######## #... #..


You could see Pikel, 3 slaves and a leopard gecko.

Vanquished Creatures
  A hippogriff (D:5)
  Duvessa (D:5)
  A sky beast (D:5)
  A slave (D:5)
  2 centaurs (D:5)
  2 bullfrogs (D:5)
  2 gnoll sergeants (D:5)
  Dowan (D:5)
  2 wights (D:5)
  2 vampire bats (D:2)
  A centaur zombie (D:5)
  2 bullfrog zombies (D:5)
  A jelly (D:5)
  An orc wizard (D:5)
  2 hounds
  Jessica (D:3)
  A worker ant (D:5)
  Terence (D:2)
  5 adders
  3 oozes
  3 worms
  A leopard gecko (D:5)
  11 orcs
  3 bat skeletons (D:2)
  2 bat zombies (D:2)
  A giant cockroach (D:3)
  4 goblins
  6 hobgoblins
  3 quokkas (D:2)
  7 bats
  8 frilled lizards
  8 kobolds
  A leopard gecko skeleton (D:5)
  7 rats
  A spectral orc (D:2)
99 creatures vanquished.

Notes
Turn   | Place    | Note
-------+----------+-------------------------------------------
     0 | D:1      | Chisa the Gargoyle Fighter began the quest for the Orb.
     0 | D:1      | Reached XP level 1. HP: 14/14 MP: 1/1
   526 | D:1      | Reached XP level 2. HP: 19/19 MP: 2/2
  1261 | D:2      | Noticed Terence
  1275 | D:2      | Killed Terence
  1275 | D:2      | Reached skill level 3 in Maces & Flails
  1275 | D:2      | Reached XP level 3. HP: 22/23 MP: 3/3
  1349 | D:2      | Found an ancient bone altar of Kikubaaqudgha.
  1400 | D:2      | Reached XP level 4. HP: 6/29 MP: 4/4
  1405 | D:2      | Reached skill level 4 in Maces & Flails
  1405 | D:2      | Reached XP level 5. HP: 4/33 MP: 5/5
  2029 | D:2      | Found a basalt altar of Yredelemnul.
  2323 | D:3      | Found a shimmering altar of Xom.
  2472 | D:3      | Reached XP level 6. HP: 39/39 MP: 6/6
  2551 | D:3      | Found a shadowy altar of Dithmenos.
  2553 | D:3      | Noticed Jessica
  2560 | D:3      | Killed Jessica
  2644 | D:3      | You fall through a shaft for 2 floors!
  2644 | D:5      | Entered Level 5 of the Dungeon
  2648 | D:5      | Noticed a slave
  2665 | D:5      | Reached skill level 5 in Maces & Flails
  2665 | D:5      | Reached skill level 5 in Armour
  2679 | D:5      | Killed a slave
  2776 | D:5      | Reached skill level 5 in Fighting
  2776 | D:5      | Reached XP level 7. HP: 17/44 MP: 7/7
  2999 | D:5      | Found a white marble altar of Elyvilon.
  3310 | D:5      | Noticed Duvessa
  3310 | D:5      | Noticed Dowan
  3310 | D:5      | Noticed a hippogriff
  3324 | D:5      | Killed Dowan
  3359 | D:5      | Killed Duvessa
  3368 | D:5      | Killed a hippogriff
  3368 | D:5      | Reached skill level 6 in Maces & Flails
  3368 | D:5      | Reached XP level 8. HP: 13/51 MP: 8/8
  3856 | D:5      | Reached skill level 7 in Maces & Flails
  4022 | D:5      | Found a shattered altar of Ashenzari.
  4350 | D:5      | Noticed Blork the orc
  4351 | D:5      | Noticed Pikel
  4367 | D:5      | Killed from afar by Pikel

Skill      XL: |  1  2  3  4  5  6  7  8 |
---------------+-------------------------+-----
Maces & Flails | 3 4 5 6 7 |  7.8
Fighting       | 4 5 6 |  6.5
Armour         | 4 5 6 |  6.6
Shields        | |  3.2

Action                   |  1- 3 |  4- 6 |  7- 9 || total
-------------------------+-------+-------+-------++-------
Melee: Flail             |   144 |   191 |   217 ||   552
  Use: Potion            |     1 |       |     1 ||     2
       Scroll            |       |       |     5 ||     5
  Eat: Chunk             |     2 |     4 |     4 ||    10
       Royal jelly       |       |       |     1 ||     1
Armor: Scale mail        |    68 |       |       ||    68
       Chain mail        |    69 |   155 |   130 ||   354
Dodge: Dodged            |    63 |    41 |    37 ||   141
Block: Shield            |   108 |   108 |   130 ||   346
